 Dungeon Crawl Stone Soup version 0.24.0-29-g8ce449bc06 (webtiles) character file.

Game seed: 924963619812127556, levelgen mode: deterministic

65317 Matador8 the Basher (level 14, 0/113 HPs)
             Began as a Demonspawn Monk on Nov 12, 2019.
             Was an Elder of Makhleb.
             Hit by a large rock thrown by a cyclops (39 damage)
             ... on level 15 of the Dungeon on Nov 13, 2019.
             The game lasted 03:13:27 (34901 turns).

Matador8 the Basher (Demonspawn Monk)              Turns: 34901, Time: 03:13:28

Health: 0/113      AC: 24    Str: 16    XL:     14   Next: 75%
Magic:  21/21      EV: 16    Int: 15    God:    Makhleb [****..]
Gold:   2095       SH:  2    Dex: 17    Spells: 14/21 levels left

rFire    + . .     SeeInvis +   X - +0 dire flail
rCold    + . .     Gourm    .   (shield currently unavailable)
rNeg     . . .     Faith    .   A - +7 scale mail of Happy Babbling {rF+}
rPois    +         Spirit   .   n - +2 hat {SInv}
rElec    .         Reflect  +   r - +0 cloak {rPois}
rCorr    .         Harm     .   O - +1 pair of gloves
MR       +....                  Z - +0 pair of boots
Stlth    +.........             J - +2 amulet of reflection
HPRegen  1.28/turn              I - +2 ring of protection
MPRegen  0.17/turn              S - +4 ring of intelligence

@: no status effects
A: antennae 2, repulsion field 1, cold resistance 1, powered by death 3,
freezing cloud immunity
a: Minor Destruction, Lesser Servant of Makhleb, Major Destruction, Renounce
Religion


You were on level 15 of the Dungeon.
You worshipped Makhleb.
Makhleb was greatly pleased with you.
You were not hungry.

You visited 4 branches of the dungeon, and saw 24 of its levels.

You collected 2580 gold pieces.
You spent 485 gold pieces at shops.

Inventory:

Hand Weapons
 b - a +0 hunting sling of flaming
 X - a +0 dire flail (weapon)
Missiles
 h - 133 sling bullets
 q - 2 silver javelins (quivered)
 Y - 3 throwing nets
Armour
 n - a +2 hat of see invisible (worn)
 r - a +0 cloak of poison resistance (worn)
 w - a +0 shield
 A - the +7 scale mail of Happy Babbling (worn) {rF+}
   (You found it on level 6 of the Lair of Beasts)

   It protects you from fire.
 O - a +1 pair of gloves (worn)
 Z - a +0 pair of boots (worn)
Jewellery
 t - an uncursed ring of protection from cold
 B - an uncursed ring of protection from magic
 I - a +2 ring of protection (left hand)
 J - a +2 amulet of reflection (around neck)
 S - a +4 ring of intelligence (right hand)
 W - a +2 ring of dexterity
Wands
 y - a wand of iceblast (12)
 z - a wand of flame (22)
 C - a wand of digging (7)
 D - a wand of clouds (3)
 L - a wand of paralysis (13)
Scrolls
 a - a scroll of holy word {unknown}
 d - 2 scrolls of enchant armour
 f - 17 scrolls of remove curse
 i - 2 scrolls of identify
 l - 2 scrolls of enchant weapon {unknown}
 m - 17 scrolls of teleportation
 s - 5 scrolls of blinking
 u - a scroll of vulnerability {unknown}
 F - a scroll of fog {unknown}
 N - a scroll of fear {unknown}
 T - 2 scrolls of silence {unknown}
Potions
 e - 2 potions of resistance
 g - 3 potions of invisibility
 j - 7 potions of curing
 k - 5 potions of flight
 o - a potion of berserk rage {unknown}
 v - 2 potions of ambrosia {unknown}
 x - 3 potions of might {unknown}
 E - a potion of heal wounds
 G - a potion of cancellation {unknown}
 H - 2 potions of haste
 K - a potion of degeneration {unknown}
 M - a potion of brilliance {unknown}
 Q - 3 potions of lignification {unknown}
 R - 4 potions of magic
Comestibles
 c - 32 rations
 p - 7 chunks of flesh


   Skills:
 - Level 11.1 Fighting
 - Level 14.0 Maces & Flails
 - Level 4.0(4.3) Slings
 - Level 2.0(3.3) Throwing
 - Level 7.7 Armour
 - Level 7.1 Dodging
 - Level 1.7 Stealth
 + Level 5.3 Shields
 - Level 4.0 Spellcasting
 - Level 4.3 Conjurations
 - Level 6.3 Necromancy
 - Level 4.0 Air Magic
 - Level 4.4 Poison Magic
 - Level 10.1 Invocations


You had 14 spell levels left.
You knew the following spells:

 Your Spells              Type           Power        Failure   Level  Hunger
a - Mephitic Cloud        Conj/Pois/Air  ###.....     28%         3    ###....
b - Animate Skeleton      Necr           N/A          4%          1    None
c - Regeneration          Chrm/Necr      ##........   41%         3    ###....

Your spell library contained the following spells:

 Spells                   Type           Power        Failure   Level  Hunger
 Pain                     Necr           ###.         4%          1    None
 Magic Dart               Conj           ###.         10%         1    None
 Shock                    Conj/Air       ###.         10%         1    None
 Sting                    Conj/Pois      ###.         10%         1    None
 Vampiric Draining        Necr           ###.......   12%         3    ###....
 Searing Ray              Conj           ###...       14%         2    ##.....
 Poisonous Vapours        Pois/Air       ###...       16%         2    ##.....
 Static Discharge         Conj/Air       ###.....     30%         3    ###....
 Swiftness                Chrm/Air       #.......     36%         2    ##.....
 Animate Dead             Necr           N/A          38%         4    ####...
 Apportation              Tloc           #.....       50%         1    None
 Summon Butterflies       Summ           #.......     50%         1    None
 Summon Small Mammal      Summ           #...         50%         1    None
 Dazzling Spray           Conj/Hex       #.....       56%         3    ###....
 Call Imp                 Summ           #.......     63%         2    ##.....
 Olgreb's Toxic Radiance  Pois           ###.....     65%         4    ####...
 Iskenderun's Mystic Bla  Conj           ###.....     67%         4    ####...
 Airstrike                Air            ###.......   71%         4    ####...
 Call Canine Familiar     Summ           #.......     86%         3    ###....
 Lesser Beckoning         Tloc           #.........   86%         3    ###....
 Summon Guardian Golem    Hex/Summ       #.......     86%         3    ###....
 Tukima's Dance           Hex            #.......     86%         3    ###....
 Force Lance              Conj/Tloc      #.......     92%         4    ####...
 Fulminant Prism          Conj/Hex       #.........   92%         4    ####...
 Summon Lightning Spire   Summ/Air       #.......     94%         4    ####...
 Lightning Bolt           Conj/Air       ###.......   95%         5    ######.
 Venom Bolt               Conj/Pois      ###.......   95%         5    ######.
 Summon Ice Beast         Ice/Summ       #.......     99%         4    ####...
 Alistair's Intoxication  Tmut/Pois      #.......     99%         5    ######.
 Iskenderun's Battlesphe  Conj/Chrm      #.......     99%         5    ######.
 Bolt of Magma            Conj/Fire/Erth #.........   100%        5    ######.
 Invisibility             Hex            #.......     100%        6    #######
 Iron Shot                Conj/Erth      #.........   100%        6    #######
 Orb of Destruction       Conj           ###.......   100%        7    #######
 Spellforged Servitor     Conj/Summ      #.........   100%        7    #######


Dungeon Overview and Level Annotations

Branches:
Dungeon (15/15)            Temple (0/1) D:5            Lair (6/6) D:10
  Swamp (0/4) Lair:3        Snake (0/4) Lair:4        Slime (0/5) Lair:6
    Orc (2/2) D:12            Elf (1/3) Orc:2        Vaults (0/5) D:14
 Depths: D:15

Altars:
Fedhas
Gozag
Makhleb
Nemelex Xobeh
Jiyva

Shops:
D:12 *(   D:14 (   Orc:2 *(=%?

Annotations:
D:7 Pikel
D:9 exclusion: 2 doors, Erolcha
D:10 2 transporters, Metae's ghost, novice DDFi
Lair:3 2 transporters, Pigabica's ghost, journeyman MfSk
Lair:5 2 runed translucent doors, TsetAccount's ghost, journeyman DrBe
Lair:6 1 runed translucent door


Innate Abilities, Weirdness & Mutations

You have a pair of antennae on your head.
You are surrounded by a mild repulsion field. (EV +2)
Your flesh is cold resistant. (rC+)
You regenerate a lot of health from kills.
You are immune to freezing clouds.


Message History

The wizard hits you but does no damage.
Your komodo dragon skeleton barely misses the wizard.
The cyclops throws a large rock.
The large rock hits you.
You miss the wizard.
The wizard is lightly wounded.
The wizard barely misses you.
Your komodo dragon skeleton bites the wizard!!
You closely miss the wizard.
The wizard is severely wounded.
The wizard points at you and mumbles some strange words.
The bolt of lightning hits you!!
* * * LOW HITPOINT WARNING * * *
You puncture the wizard!
The wizard is almost dead.
Your komodo dragon skeleton bites the wizard!
The wizard dies!
Makhleb accepts your kill.
You feel much better.
The cyclops throws a large rock.
The large rock hits you!!!
You die...

.................... ....
.............C...... .#..
................... .....
#.#...<............ .....
##..............# ......
.##.##..........###......
#.. #..........Z).......
##.#.#...#............%..
##........⌠.<.@.........
##....................##
###.#.......⌠.........#
##.........#.......#
#.#................###
#.........(...........##
#......................#
#..........(.........#
#.#......(....(......#.#


You could see a cyclops and a friendly komodo dragon skeleton.

Vanquished Creatures
  A vault guard (D:14)
  4 two-headed ogres
  4 centaur warriors
  A catoblepas (D:14)
  An ogre mage (Orc:1)
  A death yak (Lair:5)
  3 orc high priests (Orc:2)
  A skeletal warrior (D:14)
  An unseen horror (D:13)
  3 orc knights
  4 ugly things
  4 orc sorcerers
  2 cyclopes
  5 centaur zombies
  Maurice (Orc:2)
  3 black mambas
  15 spiny frogs
  A gargoyle (D:15)
  A torpor snail (Lair:2)
  5 komodo dragons
  4 rime drakes
  5 trolls
  A meliai (D:14)
  3 tyrant leeches (Lair:6)
  9 blink frogs (Lair:6)
  3 slime creatures (D:12)
  3 polar bears
  A meliai zombie (D:11)
  7 dream sheep
  6 hippogriffs
  2 shadows
  8 yaks
  2 wyverns
  8 humans (D:14)
  2 basilisks
  A hungry ghost (D:15)
  A warg (D:10)
  8 vampire mosquitoes
  A soldier ant (D:12)
  A hell hound (D:14)
  7 water moccasins
  2 porcupines
  An eye of draining (D:14)
  3 slaves
  2 phantoms
  3 ice beasts
  2 sky beasts
  13 orc warriors
  4 boggarts
  2 wolves
  11 ogres
  4 centaurs
  11 crocodiles
  20 bullfrogs
  A gnoll sergeant (D:10)
  A wyvern zombie (D:8)
  A scorpion (D:14)
  3 killer bees (D:12)
  3 howler monkeys
  An electric eel (Lair:6)
  3 crimson imps
  2 bullfrog zombies (D:11)
  2 jellies
  9 orc priests
  5 hounds
  25 orc wizards
  7 centaur skeletons
  2 bullfrog skeletons
  3 iguanas
  8 worker ants
  5 hell rats (Lair:1)
  Robin (D:3)
  A howler monkey zombie (D:5)
  A worker ant zombie (D:9)
  7 gnolls
  12 adders
  6 river rats (Lair:1)
  2 shadow imps
  An ooze (D:1)
  3 worms
  A dart slug (D:1)
  8 leopard geckos
  45 orcs
  10 bats
  8 giant cockroaches
  18 goblins
  10 hobgoblins
  12 jackals
  2 quokkas
  3 ball pythons (D:1)
  10 frilled lizards
  A jackal zombie (D:8)
  10 kobolds
  A quokka zombie (D:5)
  13 rats
489 creatures vanquished.

Vanquished Creatures (collateral kills)
  Gastronok (Lair:2)
  A vault guard (D:14)
  4 hydras
  2 catoblepae
  3 two-headed ogres
  4 death yaks (Lair:5)
  Nergalle (Lair:2)
  Sonja (Lair:2)
  A lindwurm (Lair:6)
  2 wizards
  2 orc knights (Orc:1)
  A stone giant zombie (D:15)
  2 ugly things
  A cyclops (D:15)
  A centaur zombie (D:13)
  2 black mambas
  11 spiny frogs
  5 komodo dragons
  3 rime drakes
  An efreet (D:12)
  2 meliai (D:14)
  2 trolls
  A tyrant leech (Lair:6)
  7 blink frogs
  7 dream sheep (Lair:6)
  6 hippogriffs
  A hungry ghost (D:10)
  A human (D:14)
  4 vampire mosquitoes
  2 wargs (D:10)
  An acid dragon (D:15)
  4 water moccasins
  3 porcupines
  An ogre (D:13)
  An orc warrior (D:9)
  An ice beast (D:10)
  3 wolves
  9 centaurs
  A crocodile (Lair:5)
  7 bullfrogs (Lair:6)
  5 howler monkeys
  2 crimson imps
  An orc priest (D:10)
  10 orcs
  A bat (D:12)
  A fungus (Lair:5)
  3 plants
136 creatures vanquished.

Vanquished Creatures (others)
  A human (D:14)
  An orc wizard (D:8)
  5 fungi
  30 plants (Lair:6)
37 creatures vanquished.

Grand Total: 662 creatures vanquished

Notes
Turn   | Place    | Note
-------+----------+-------------------------------------------
     0 | D:1      | Matador8 the Demonspawn Monk began the quest for the Orb.
     0 | D:1      | Reached XP level 1. HP: 18/18 MP: 1/1
   143 | D:1      | Reached skill level 3 in Maces & Flails
   203 | D:1      | Gained mutation: Your flesh is cold resistant. (rC+)
                  | [demonic ancestry]
   203 | D:1      | Reached XP level 2. HP: 24/24 MP: 2/2
   570 | D:1      | Gained mutation: You regenerate a little health from kills.
                  | [demonic ancestry]
   570 | D:1      | Reached XP level 3. HP: 20/29 MP: 3/3
   765 | D:1      | Reached skill level 4 in Maces & Flails
  1363 | D:2      | Reached XP level 4. HP: 28/35 MP: 4/4
  1476 | D:2      | Found a faded altar of an unknown god.
  1487 | D:2      | Reached skill level 1 in Throwing
  2224 | D:2      | Found a burning altar of Makhleb.
  2426 | D:2      | Reached XP level 5. HP: 18/41 MP: 5/5
  2842 | D:2      | Became a worshipper of Makhleb the Destroyer
  2842 | D:2      | Reached * piety under Makhleb
  2842 | D:2      | Reached ** piety under Makhleb
  3045 | D:3      | Noticed Robin
  3096 | D:3      | Killed Robin
  3096 | D:3      | Reached skill level 1 in Slings
  3510 | D:3      | Reached skill level 5 in Maces & Flails
  3956 | D:4      | Gained mutation: You have a pair of small antennae on your
                  | head. [demonic ancestry]
  3956 | D:4      | Reached XP level 6. HP: 24/47 MP: 6/6
  4835 | D:5      | Entered Level 5 of the Dungeon
  4848 | D:5      | Noticed an ice beast
  4981 | D:5      | Gained mutation: You are surrounded by a mild repulsion
                  | field. (EV +2) [demonic ancestry]
  4981 | D:5      | Reached XP level 7. HP: 52/52 MP: 7/7
  5002 | D:5      | Found a sparkling altar of Nemelex Xobeh.
  5041 | D:5      | Reached skill level 6 in Maces & Flails
  5057 | D:5      | Reached *** piety under Makhleb
  5798 | D:5      | Found a staircase to the Ecumenical Temple.
  6252 | D:5      | Reached skill level 7 in Maces & Flails
  6453 | D:6      | Found an opulent altar of Gozag.
  6461 | D:6      | Learned a level 3 spell: Mephitic Cloud
  6576 | D:6      | Reached XP level 8. HP: 58/58 MP: 8/8
  7189 | D:7      | Reached skill level 1 in Conjurations
  7189 | D:7      | Reached skill level 1 in Air Magic
  7189 | D:7      | Reached skill level 1 in Poison Magic
  7189 | D:7      | Reached skill level 1 in Invocations
  7635 | D:7      | Noticed Pikel
  8496 | D:8      | Reached skill level 5 in Invocations
  8496 | D:8      | Gained mutation: You regenerate health from kills. [demonic
                  | ancestry]
  8496 | D:8      | Reached XP level 9. HP: 66/66 MP: 10/12
  8505 | D:8      | Reached **** piety under Makhleb
  8916 | D:8      | Reached skill level 5 in Fighting
  9136 | D:9      | Noticed a two-headed ogre
  9222 | D:9      | Noticed Erolcha
  9520 | D:9      | Killed a two-headed ogre
  9749 | D:9      | Reached skill level 8 in Maces & Flails
  9882 | D:9      | Noticed a troll
 10056 | D:9      | Paralysed by an orc wizard for 7 turns
 10109 | D:9      | Killed a troll
 10237 | D:10     | Entered Level 10 of the Dungeon
 10365 | D:10     | Reached skill level 9 in Maces & Flails
 10515 | D:10     | Reached XP level 10. HP: 79/79 MP: 14/14
 10526 | D:10     | Found a staircase to the Lair.
 10960 | D:10     | Reached skill level 10 in Maces & Flails
 11677 | D:10     | Noticed Metae's ghost (novice DDFi)
 11694 | D:10     | Found a transporter.
 11697 | D:10     | Found a transporter.
 11895 | Lair:1   | Entered Level 1 of the Lair of Beasts
 12402 | Lair:1   | Noticed a spiny frog
 12412 | Lair:1   | Killed a spiny frog
 12649 | Lair:1   | Noticed a spiny frog
 12655 | Lair:1   | Noticed a black mamba
 12671 | Lair:1   | Killed a spiny frog
 12671 | Lair:1   | Reached skill level 11 in Maces & Flails
 12955 | Lair:1   | Learned a level 1 spell: Animate Skeleton
 12974 | Lair:1   | Killed a black mamba
 12974 | Lair:1   | Reached skill level 1 in Necromancy
 12989 | Lair:1   | Noticed a spiny frog
 12996 | Lair:1   | Killed a spiny frog
 13052 | Lair:1   | Noticed a seven-headed hydra
 13088 | Lair:1   | Killed a seven-headed hydra
 14238 | Lair:2   | Reached skill level 12 in Maces & Flails
 14238 | Lair:2   | Gained mutation: You regenerate a lot of health from kills.
                  | [demonic ancestry]
 14238 | Lair:2   | Reached XP level 11. HP: 19/84 MP: 15/15
 14523 | Lair:2   | Noticed Nergalle
 15434 | Lair:2   | Noticed Gastronok
 15738 | D:11     | Noticed a purple ugly thing
 15747 | D:11     | Noticed a green ugly thing
 16401 | Lair:3   | Found a transporter.
 16409 | Lair:3   | Noticed a death yak
 16411 | Lair:3   | Noticed Pigabica's ghost (journeyman MfSk)
 16423 | Lair:3   | Found a transporter.
 16446 | Lair:3   | Found a staircase to the Swamp.
 16748 | Lair:2   | Noticed Sonja
 16764 | Lair:2   | Killed Sonja
 18012 | Lair:2   | Noticed a spectral orc warlord
 18028 | Lair:2   | Killed Nergalle
 18473 | Lair:4   | Noticed a six-headed hydra
 18524 | Lair:3   | HP: 2/84 [porcupine (7)]
 18949 | Lair:4   | Reached skill level 13 in Maces & Flails
 18955 | Lair:4   | Noticed a seven-headed hydra
 18965 | Lair:4   | Killed a seven-headed hydra
 19174 | Lair:4   | Killed a six-headed hydra
 19174 | Lair:4   | Gained mutation: You are immune to freezing clouds.
                  | [demonic ancestry]
 19174 | Lair:4   | Reached XP level 12. HP: 87/91 MP: 16/16
 19200 | Lair:4   | Found a staircase to the Snake Pit.
 19260 | Lair:4   | Noticed a catoblepas
 19848 | Lair:4   | Killed a catoblepas
 20091 | Lair:4   | Noticed a five-headed hydra
 20451 | Lair:4   | Reached skill level 14 in Maces & Flails
 20962 | Lair:5   | Found a large runed translucent door.
 20962 | Lair:5   | Found a large runed translucent door.
 20963 | Lair:5   | Noticed TsetAccount's ghost (journeyman DrBe)
 21121 | Lair:5   | Noticed a death yak
 21122 | Lair:5   | Noticed a death yak
 21123 | Lair:5   | Noticed a death yak
 21123 | Lair:5   | Noticed a death yak
 21123 | Lair:5   | Noticed a death yak
 21845 | D:11     | Noticed a two-headed ogre
 21857 | D:11     | Killed a two-headed ogre
 22476 | D:11     | Noticed a two-headed ogre
 22487 | D:11     | Killed a two-headed ogre
 22987 | D:12     | Found Ochait's Antique Weapon Boutique.
 23637 | D:12     | Found Salestrisch's Blood Bar.
 23693 | D:12     | Reached skill level 10 in Invocations
 24097 | D:12     | Found a staircase to the Orcish Mines.
 24806 | Orc:1    | Entered Level 1 of the Orcish Mines
 25068 | Orc:2    | Entered Level 2 of the Orcish Mines
 25068 | Orc:2    | Found Roub's General Store.
 25258 | Orc:2    | Noticed an ogre mage
 25258 | Orc:2    | Noticed a two-headed ogre
 25258 | Orc:2    | Noticed a two-headed ogre
 25575 | Lair:2   | Killed Gastronok
 25575 | Lair:2   | Gained mutation: You have a pair of antennae on your head.
                  | [demonic ancestry]
 25575 | Lair:2   | Reached XP level 13. HP: 58/101 MP: 20/20
 26401 | Lair:5   | Reached skill level 5 in Armour
 26624 | Lair:6   | Entered Level 6 of the Lair of Beasts
 27474 | Lair:6   | Found a runed translucent door.
 27474 | Lair:6   | Found a viscous altar of Jiyva.
 27474 | Lair:6   | Found a staircase to the Slime Pits.
 27717 | Lair:6   | Reached skill level 5 in Dodging
 28029 | Lair:6   | HP: 3/101 [tyrant leech (19)]
 28039 | Lair:6   | Got a bloodstained scale mail
 28616 | Lair:6   | Identified the +7 scale mail of Happy Babbling {rF+} (You
                  | found it on level 6 of the Lair of Beasts)
 28809 | Orc:1    | HP: 4/101 [ogre mage/bolt of poison (21)]
 29126 | Orc:2    | Noticed Maurice
 29158 | Orc:2    | Killed Maurice
 29404 | Orc:2    | Found a staircase to the Elven Halls.
 29434 | Elf:1    | Entered Level 1 of the Elven Halls
 29637 | Orc:2    | Reached skill level 10 in Fighting
 29954 | Orc:2    | Paralysed by an orc sorcerer for 2 turns
 29963 | Orc:2    | Reached XP level 14. HP: 110/110 MP: 21/21
 31132 | Orc:2    | Found Pulis's Weapon Emporium.
 31195 | Orc:2    | Found Sarghin's Jewellery Emporium.
 31203 | Orc:2    | Found Vaath's Food Boutique.
 31216 | Orc:2    | Found Etsos's Magic Scroll Boutique.
 31229 | Orc:2    | Bought an uncursed ring of protection from magic for 275
                  | gold pieces
 31231 | Orc:2    | Bought a scroll of identify for 24 gold pieces
 31231 | Orc:2    | Bought a scroll of teleportation for 36 gold pieces
 31231 | Orc:2    | Bought a scroll of teleportation for 36 gold pieces
 31231 | Orc:2    | Bought a scroll of identify for 24 gold pieces
 31231 | Orc:2    | Bought a scroll of blinking for 90 gold pieces
 31616 | D:13     | Reached skill level 1 in Spellcasting
 31626 | D:13     | Learned a level 3 spell: Regeneration
 31755 | D:13     | You fall into a shaft and drop 2 floors!
 31755 | D:15     | Entered Level 15 of the Dungeon
 31938 | D:15     | Reached skill level 5 in Necromancy
 32423 | D:13     | Upgraded the game from 0.24.0-28-g17ded55e90 to
                  | 0.24.0-29-g8ce449bc06
 32904 | D:14     | Found a blossoming altar of Fedhas.
 33430 | D:14     | Found Uxeum's Antique Weapon Shoppe.
 33473 | D:14     | Reached skill level 1 in Shields
 33913 | D:14     | Found a gate to the Vaults.
 34835 | D:15     | Reached skill level 5 in Shields
 34901 | D:15     | Hit by a large rock thrown by a cyclops

Levels and vault maps discovered:
D:1:      onia_arrival_handbag, layout_rooms, st_stairs_14
D:2:      layout_basic, first_ration, chequers_ecumenical_altar_simple_redux,
          minivault_19, serial_bayou_pond_a, makhleb_heckhound_becter
D:3:      layout_basic, uniq_robin
D:4:      layout_layer_cave, hangedman_abyss_or_decor_stagger
D:5:      layout_loops_ring, minmay_temple_entry_waves, corexii_corridor_pit,
          nemelex_xobeh_ov_fountains_minmay
D:6:      layout_cave_pools, nicolae_gozag_cash_rules_everything_around_me
D:7:      layout_basic, uniq_pikel
D:8:      layout_basic
D:9:      minmay_bubble_buster, layout_long_grid,
          grunt_temple_overflow_cloverleaf, blue_anna_alchemist
          [blue_anna_fruit_fields, blue_anna_fruit_fields],
          minmay_quadrilaterals, uniq_erolcha, uniq_joseph
D:10:     layout_basic, erik_lair_orcish_takeover, gammafunk_ghost_arena
D:11:     layout_basic
D:12:     layout_basic, orc_0_dummy, serial_shops, shop, guppyfry_shop_blood
D:13:     layout_loops_ring
D:14:     layout_stronghold, ximxim_vaults_locker_room, serial_shops, shop,
          fedhas_altar_fruit_tree
D:15:     gammafunk_depths_entry_grave, layout_cross, serial_shops, shop,
          grunt_ministairs_1, ebering_dispersal_statue_hall,
          okawaru_ov_weapons_minmay, uniq_azrael
Lair:1:   layout_small_grid, kennysheep_abandoned_house
Lair:2:   layout_regular_city, patterned_corridor, uniq_nergalle, uniq_sonja,
          uniq_gastronok
Lair:3:   layout_loops_ring, minmay_swamp_entry_swarm,
          gammafunk_ghost_berserking_beasts, serial_bayou_shore_b
Lair:4:   layout_cave_shapes, dummy_snake_entry, kilobyte_rumbling_trees
Lair:5:   layout_hall_layers, ebering_ghost_disaster_area,
          minmay_lair_drake_nest
Lair:6:   minmay_lair_end_frog_pond, layout_gridlike, slime_altar_2,
          infiniplex_staircase_pool_2
Orc:1:    layout_caves
Orc:2:    st_orc_elflike, layout_diamond_mine, serial_shops, shop, uniq_maurice
Elf:1:    layout_geoelf_diagonals, serial_shops, shop,
          hangedman_corner_corridor, drop_trap, uniq_asterion

Skill      XL: |  1  2  3  4  5  6  7  8  9 10 11 12 13 14 |
---------------+-------------------------------------------+-----
Maces & Flails | 3 4 5 7 9 12 13 14 | 14.0
Throwing       | 2 |  2.0
Slings         | 1 3 4 |  4.0
Conjurations   | 2 4 |  4.3
Air Magic      | 2 4 |  4.0
Poison Magic   | 2 4 |  4.4
Invocations    | 5 10 | 10.1
Fighting       | 4 7 9 10 11 | 11.1
Necromancy     | 3 6 |  6.3
Armour         | 2 7 |  7.7
Dodging        | 7 |  7.1
Spellcasting   | 4 |  4.0
Shields        | 5 |  5.3
Stealth        | |  1.7

Action                   |  1- 3 |  4- 6 |  7- 9 | 10-12 | 13-15 || total
-------------------------+-------+-------+-------+-------+-------++-------
Melee: Mace              |   166 |   197 |       |       |       ||   363
       Flail             |       |   106 |   565 |   347 |       ||  1018
       Dire flail        |       |       |       |   775 |  1173 ||  1948
 Fire: Hunting sling     |       |    11 |    27 |       |       ||    38
Throw: Dart              |       |     2 |       |       |       ||     2
 Cast: Animate Skeleton  |       |       |       |    19 |    36 ||    55
Invok: Lesser Servant of |       |       |     5 |    42 |    33 ||    80
       Minor Destruction |       |       |     4 |     3 |       ||     7
Evoke: Wand              |       |       |       |    17 |     5 ||    22
  Use: Potion            |       |     3 |       |     5 |     4 ||    12
       Scroll            |       |       |     7 |    11 |     4 ||    22
 Stab: Sleeping          |     2 |       |     2 |     1 |       ||     5
       Paralysed         |       |       |       |    20 |       ||    20
       Distracted        |       |       |       |     6 |    14 ||    20
  Eat: Chunk             |     2 |    11 |    18 |    19 |    17 ||    67
       Ration            |       |       |     2 |     9 |     4 ||    15
Armor: Robe              |    26 |       |       |       |       ||    26
       Ring mail         |    31 |    80 |   195 |   319 |       ||   625
       Scale mail        |       |       |       |     1 |   371 ||   372
Dodge: Dodged            |   159 |   183 |   329 |   661 |   557 ||  1889
Block: Other             |       |       |     6 |    61 |    49 ||   116
       Reflection        |       |       |       |     1 |       ||     1
